 Dungeon Crawl Stone Soup version 0.17-a0-2093-gc772f4b (webtiles) character file.

162 ololoev the Firebug (level 5, 17/35 HPs)
             Began as a Demonspawn Fire Elementalist on Oct 16, 2015.
             Quit the game on level 3 of the Dungeon.
             The game lasted 00:04:21 (2631 turns).

ololoev the Firebug (Demonspawn Fire Elementalist)  Turns: 2631, Time: 00:04:21

Health: 17/35      AC:  5    Str:  8    XL:     5   Next: 19%
Magic:  7/9        EV: 12    Int: 17    God:
Gold:   119        SH:  0    Dex: 14    Spells: 1 memorised, 9 levels left

rFire  . . .     SeeInvis .     k - +0 dagger
rCold  . . .     Clarity  .     a - +0 robe
rNeg   . . .     SustAt   .     (no shield)
rPois  .         Gourm    .     g - +0 helmet
rElec  .         Spirit   .     j - +0 cloak
rCorr  .         Warding  .     (no gloves)
rMut   .         Stasis   .     (no boots)
MR     .....                    (no amulet)
Stlth  ++........               (no ring)
                                (no ring)

@: mildly poisoned (17 -> 14), not resistant to hostile enchantments, unstealthy
A: icy blue scales 1, spiny 1, rot immunity
a: no special abilities


Innate Abilities, Weirdness & Mutations

You are partially covered in icy blue scales (AC +1).
You are partially covered in sharp spines.
You are immune to rotting.

Inventory:

Hand Weapons
 k - a +0 dagger (weapon)
Armour
 a - a +0 robe (worn)
 g - a +0 helmet (worn)
 j - a +0 cloak (worn)
Scrolls
 d - 3 scrolls of identify {unknown}
 e - a scroll of teleportation {unknown}
Potions
 h - a potion of degeneration {unknown}
 l - a potion of mutation {unknown}
 m - a potion of brilliance {unknown}
Books
 b - a book of Flames

   Spells                             Type                      Level
   a - Flame Tongue                   Conjuration/Fire             1
   b - Throw Flame                    Conjuration/Fire             2
   c - Conjure Flame                  Conjuration/Fire             3
   d - Inner Flame                    Hexes/Fire                   3
   e - Sticky Flame                   Conjuration/Fire             4
   f - Fireball                       Conjuration/Fire             5
Comestibles
 c - 4 bread rations
 f - a royal jelly


   Skills:
 - Level 1.7 Dodging
 - Level 1.7 Stealth
 + Level 3.0 Spellcasting
 * Level 3.4 Conjurations
 + Level 3.6 Fire Magic


You had 9 spell levels left.
You knew the following spells:

 Your Spells              Type           Power        Failure   Level  Hunger
a - Flame Tongue          Conj/Fire      ##...        4%          1    None


You were on level 3 of the Dungeon.
You were not hungry.

You visited 1 branch of the dungeon, and saw 3 of its levels.

You collected 119 gold pieces.

........# .....(..##
.......... ........#
........###
..........##########
...................#
....(....^.........#
................@..#
.........†.........+
........().........#
.........)..........#
....................#
....................#
=..........!........#
..........#######...#
..........# ...#

Notes
Turn   | Place    | Note
--------------------------------------------------------------
     0 | D:1      | ololoev the Demonspawn Fire Elementalist began the quest for the Orb.
     0 | D:1      | Reached XP level 1. HP: 13/13 MP: 3/3
   305 | D:1      | Gained mutation: You are partially covered in icy blue scales (AC +1). [demonic ancestry]
   305 | D:1      | Reached XP level 2. HP: 19/19 MP: 3/5
   952 | D:2      | Reached skill level 3 in Fire Magic
  1042 | D:2      | Gained mutation: You are partially covered in sharp spines. [demonic ancestry]
  1042 | D:2      | Reached XP level 3. HP: 10/24 MP: 4/6
  1350 | D:2      | Noticed Ijyb
  1364 | D:2      | Killed Ijyb
  1474 | D:2      | Reached XP level 4. HP: 27/30 MP: 8/8
  1507 | D:2      | Found a white marble altar of Elyvilon.
  2627 | D:3      | Gained mutation: You are immune to rotting. [demonic ancestry]
  2627 | D:3      | Reached XP level 5. HP: 17/35 MP: 7/9
  2631 | D:3      | Quit the game

Dungeon Overview and Level Annotations

Branches:
Dungeon (3/15)

Altars:
Elyvilon


Message History

You feel sick.
The orc wizard points at you and mumbles some strange words.
The magic dart hits you!
You see here an orc corpse.
You found a teleport trap!
You feel sick.
The orc wizard mumbles some strange words.
The orc wizard blinks!
Drink which item? (? for menu, Esc to quit)
It was a potion of heal wounds.
You feel much better.
You feel sick.
The orc wizard gestures wildly while chanting.
The orc wizard blinks!
You feel sick.
You barely miss the orc wizard.
The orc wizard is severely wounded.
You feel sick.
The orc wizard gestures wildly while chanting.
The orc wizard blinks!
The orc wizard gestures at you while chanting.
The magic dart hits you!
Casting: Flame Tongue
Confirm with . or Enter, or press ? or * to list all spells.
Aiming: Flame Tongue
Press: ? - help, Shift-Dir - straight line, f - orc wizard
Aim: an orc wizard, wielding a dagger of venom and wearing a robe (severely wounded, fast)
The flame tongue hits the orc wizard.
You kill the orc wizard!
Your Spellcasting skill increases to level 3!
You have reached level 5!
Your demonic ancestry asserts itself...
You feel immune to rotting.
You feel sick.
Things that are here:
a dagger of venom; a robe; an orc corpse Are you sure you want to abandon this character and quit the game? (Confirm with "yes".)
Okay, then.
Unknown command.
Unknown command.
Unknown command.
Are you sure you want to abandon this character and quit the game? (Confirm with "yes".)

There were no monsters in sight!

Vanquished Creatures
  Ijyb (D:2)
  An orc wizard (D:3)
  2 adders (D:2)
  4 gnolls (D:2)
  5 orcs
  4 bats
  3 giant cockroaches
  3 goblins
  7 hobgoblins
  10 kobolds
  4 quokkas (D:2)
  2 giant newts (D:2)
  A rat (D:2)
47 creatures vanquished.

Action                   |  1- 3 |  4- 6 || total
-------------------------+-------+-------++-------
Melee: Unarmed           |    15 |       ||    15
       Dagger            |    36 |    43 ||    79
 Cast: Flame Tongue      |    21 |     7 ||    28
  Use: Potion            |       |     2 ||     2
 Stab: Sleeping          |     2 |     1 ||     3
       Distracted        |       |     1 ||     1
  Eat: Chunk             |     2 |       ||     2
       Meat ration       |       |     1 ||     1

Vault maps used:
D:1:      dpeg_arrival_shelter, minmay_misc_feat_secret_circle,
          minmay_parallelograms, minmay_misc_feat_diagonals,
          hangedman_decor_growths
D:2:      elyvilon_altar_1, first_bread, uniq_iyjb
D:3:      kennysheep_generic_room_9
